 Dungeon Crawl Stone Soup version 0.18.1-6-gd335043 (webtiles) character file.

170 kae the Archer (level 5, -5/34 HPs)
             Began as a High Elf Hunter on May 16, 2016.
             Slain by Grinder (8 damage)
             ... while paralysed by Grinder
             ... on level 3 of the Dungeon.
             The game lasted 00:05:55 (3055 turns).

kae the Archer (High Elf Hunter)                    Turns: 3055, Time: 00:05:56

Health: -5/34      AC:  3    Str: 11    XL:     5   Next: 25%
Magic:  6/6        EV:  2    Int: 15    God:
Gold:   108        SH:  0    Dex: 16    Spells: 0 memorised, 4 levels left

rFire  + . .     SeeInvis .     a - +1 shortbow
rCold  + . .     Gourm    .     c - +0 leather armour
rNeg   . . .     Faith    .     (shield currently unavailable)
rPois  +         Spirit   .     (no helmet)
rElec  +         Dismiss  .     (no cloak)
rCorr  +         Reflect  .     (no gloves)
SustAt .         Harm     .     (no boots)
MR     .....                    (no amulet)
Stlth  ++........               (no ring)
                                (no ring)

@: paralysed, resistant, not resistant to hostile enchantments, unstealthy
A: no striking features
a: no special abilities


You were on level 3 of the Dungeon.
You were hungry.

You visited 1 branch of the dungeon, and saw 3 of its levels.

You collected 108 gold pieces.

Inventory:

Hand Weapons
 a - a +1 shortbow (weapon)
 b - a +0 short sword
 m - a +2 dagger of speed
Missiles
 d - 32 arrows (quivered)
Armour
 c - a +0 leather armour (worn)
Jewellery
 k - an uncursed ring of magical power {unknown}
Scrolls
 e - 2 scrolls of fog {unknown}
 h - a scroll of identify {unknown}
 o - a scroll of enchant weapon {unknown}
 p - 2 scrolls of fear
 q - a scroll of blinking {unknown}
 r - a scroll of immolation {unknown}
 t - 4 scrolls of teleportation {unknown}
 w - a scroll of recharging
 x - a scroll of enchant armour {unknown}
Potions
 i - a potion of haste {unknown}
 j - a potion of lignification {unknown}
 l - a potion of brilliance {unknown}
 u - a potion of ambrosia {unknown}
 v - a potion of curing {unknown}
 z - a potion of might
 B - a potion of degeneration {unknown}
Books
 n - a book of Annihilations

   Spells                             Type                      Level
   a - Poison Arrow                   Conjuration/Poison           6
   b - Chain Lightning                Conjuration/Air              8
   c - Lehudib's Crystal Spear        Conjuration/Earth            8
   d - Glaciate                       Conjuration/Ice              9
   e - Fire Storm                     Conjuration/Fire             9
Comestibles
 f - 3 bread rations
 g - 7 fruits


   Skills:
 - Level 2.0 Fighting
 + Level 8.7 Bows
 - Level 2.1 Dodging
 - Level 1.1 Stealth


You had 4 spell levels left.
You didn't know any spells.

Dungeon Overview and Level Annotations

Branches:
Dungeon (3/15)

Altars:
Nemelex Xobeh
Pakellas
The Shining One

Annotations:
D:3 Grinder


Message History

You shoot an arrow. The arrow hits Grinder!
Grinder is almost dead.
Grinder closely misses you.
Firing (i - inventory):
d - 33 arrows (quivered)
Press: ? - help, Shift-Dir - straight line, f/p - Grinder
Aim: Grinder (almost dead)
You shoot an arrow. The arrow barely misses Grinder.
Grinder gestures at you.
You suddenly lose the ability to move!
Grinder says, "Wait up."
Grinder hits you.
You writhe in agony.
Grinder hits you.
* * * LOW HITPOINT WARNING * * *
You writhe in agony.
* * * LOW HITPOINT WARNING * * *
Grinder gestures at you. Pain shoots through your body!
* * * LOW HITPOINT WARNING * * *
Grinder hits you!
You die...

# #.# #######.## # #.# #(#..
.........† # #.# #.#.#
#######.##
######.#########.#.# #...
...................# ####
.#####.#########...#
.#####.####### #..(#
._..[........###(5.##
....)..#..PP..P.@...# #######
.#####..♣≈≈≈≈.......# #......
.# #.P.♣≈≈♣≈...P.#.# #.#####
.# #....≈≈≈≈≈....#.# #.#
.####P..P≈♣≈≈≈≈..P#.#######.#
.##.......≈♣♣≈♣...P.........#
###.###.P...≈≈....P..#####..#
#.# #.#P..P..P..#..#####..#
#.# #.###.......#†.†......#


You could see Grinder.

Vanquished Creatures
  An orc priest (D:3)
  An orc wizard (D:3)
  3 adders (D:3)
  An ooze (D:2)
  2 worms (D:2)
  3 dart slugs
  2 giant geckos (D:2)
  6 orcs
  A ball python (D:2)
  A goblin (D:1)
  10 hobgoblins
  11 jackals
  7 bats
  5 giant newts
  10 kobolds
  2 rats (D:3)
66 creatures vanquished.

Notes
Turn   | Place    | Note
--------------------------------------------------------------
     0 | D:1      | kae the High Elf Hunter began the quest for the Orb.
     0 | D:1      | Reached XP level 1. HP: 14/14 MP: 2/2
   157 | D:1      | Reached XP level 2. HP: 18/19 MP: 3/3
   212 | D:1      | Reached skill level 6 in Bows
   772 | D:2      | Found a faded altar to an unknown god.
   967 | D:2      | Reached XP level 3. HP: 18/24 MP: 4/4
  1333 | D:2      | Reached skill level 7 in Bows
  1571 | D:2      | Found a glowing golden altar of the Shining One.
  1606 | D:3      | Found a sparkling altar of Nemelex Xobeh.
  1936 | D:3      | Reached XP level 4. HP: 12/29 MP: 5/5
  2034 | D:3      | Reached skill level 8 in Bows
  2099 | D:3      | Reached XP level 5. HP: 11/34 MP: 6/6
  2659 | D:3      | Found an oddly glowing altar of Pakellas.
  3027 | D:3      | Noticed Grinder
  3029 | D:3      | Paralysed by Grinder for 4 turns
  3051 | D:3      | Paralysed by Grinder for 4 turns
  3055 | D:3      | Slain by Grinder

Skill      XL: |  1  2  3  4 |
---------------+-------------+-----
Bows           | 6 7 8 |  8.7
Fighting       | |  2.0
Dodging        | |  2.1
Stealth        | |  1.1

Action                   |  1- 3 |  4- 6 || total
-------------------------+-------+-------++-------
Melee: Short sword       |    67 |    50 ||   117
       Dagger            |    34 |       ||    34
 Fire: Shortbow          |    47 |    62 ||   109
  Use: Scroll            |     2 |       ||     2
       Potion            |       |     1 ||     1
 Stab: Sleeping          |     5 |       ||     5
  Eat: Chunk             |     3 |     3 ||     6
Armor: Leather armour    |    40 |    21 ||    61
Dodge: Dodged            |    81 |    50 ||   131
